 Dungeon Crawl Stone Soup version 0.21.1-1-g345015fe64 (webtiles) character file.

0 Gargoyl the Skirmisher (level 1, -8/19 HPs)
             Began as a Centaur Abyssal Knight on June 14, 2018.
             Was a Follower of Lugonu.
             Mangled by a large abomination (26 damage)
             ... on level 1 of the Abyss.
             The game lasted 00:00:45 (151 turns).

Gargoyl the Skirmisher (Centaur Abyssal Knight)      Turns: 151, Time: 00:00:46

Health: -8/19      AC:  4    Str: 14    XL:     1   Next: 0%
Magic:  2/2        EV:  9    Int: 11    God:    Lugonu [*.....]
Gold:   0          SH:  0    Dex:  4    Spells: 0/0 levels left

rFire    . . .     SeeInvis .   a - +1 hand axe
rCold    . . .     Gourm    .   (no shield)
rNeg     . . .     Faith    .   b - +0 leather armour
rPois    .         Spirit   .   (no helmet)
rElec    .         Reflect  .   (no cloak)
rCorr    .         Harm     .   (no gloves)
MR       .....     Rnd*Rage +   (no barding) Stlth ..........Rnd*Tele +
                                (no amulet)
HPRegen  0.00/turn              (no ring)
MPRegen  0.08/turn              (no ring)

@: non-regenerating, diseased, very quick
A: large, hooves 3, [berserk 2], [blurry vision 2], [clumsy 2], deformed body,
[deterioration 2], speed 2, [teleportitis 2], tough skin 3, [subdued magic 2]
a: Depart the Abyss, Renounce Religion


You were on level 1 of the Abyss.
You worshipped Lugonu.
Lugonu was aware of your devotion.
You were not hungry.

You visited 0 branches of the dungeon, and saw 0 of its levels.
You visited the Abyss 1 time.

Inventory:

Hand Weapons
 a - a +1 hand axe (weapon)
Armour
 b - a +0 leather armour (worn)
Comestibles
 c - 2 rations


   Skills:
 + Level 3.0 Fighting
 + Level 1.7 Axes
 + Level 1.3 Armour
 + Level 0.6 Dodging
 + Level 2.0 Invocations


You couldn't memorise any spells.
You didn't know any spells.

Dungeon Overview and Level Annotations

Branches:
Dungeon (0/15)

Altars:


Innate Abilities, Weirdness & Mutations

You have hooves in place of feet.
Armour fits poorly on your strangely shaped body.
You cover ground very quickly.
You have extremely tough skin. (AC +3)
[You often lose your temper in combat.]
[Scrolls take you longer to read.]
[You are very clumsy. (Dex -4)]
[Your body often deteriorates upon taking damage.]
[You are sometimes teleported next to monsters.]
[Your spells are easier to cast, but less powerful.]


Message History

You don't have any unidentified items.
A wretched star is nearby!
The wretched star glows turbulently.
The orb of energy misses you.
A large abomination comes into view.
A quasit comes into view.
The quasit gives a chilling moan.
You hit the large abomination but do no damage.
The large abomination closely misses you.
Unknown command.
The large abomination hits you but does no damage.
You barely miss the quasit. You hit the large abomination.
The quasit bites you but does no damage.
The quasit claws you.
The quasit claws you but does no damage.
The wretched star pulses with an eldritch light!
You feel a little pissed off.
You feel angry. The large abomination hits you!!
Ouch! That really hurt!
You die...

.#. .#.ยง. ## ......
#.# ......# ###..# . .
. ...### #.#X.# .
#.#.##...###.@5#
..##.#.....#....##....#
.....##.#...##..#.##..#
.. # #..*#.#..##.. .
##.#..##...##### #
....#. #.#....# .
.##.....##. # # ..
..##.#### .....#... ##


You could see a wretched star, a large abomination and a quasit.

Vanquished Creatures (others)
  2 starspawn tentacles (Abyss:1)
2 creatures vanquished.

Notes
Turn   | Place    | Note
-------+----------+-------------------------------------------
     0 | Abyss:1  | Gargoyl the Centaur Abyssal Knight began the quest for the Orb.
     0 | Abyss:1  | Reached XP level 1. HP: 19/19 MP: 2/2
    44 | Abyss:1  | Noticed a small abomination
    46 | Abyss:1  | Noticed a bone dragon
    49 | Abyss:1  | Noticed an ancient zyme
    57 | Abyss:1  | Noticed a small abomination
    74 | Abyss:1  | Noticed an ancient zyme
    83 | Abyss:1  | Noticed a large abomination
    94 | Abyss:1  | Noticed a large abomination
   101 | Abyss:1  | Noticed a tentacled starspawn
   101 | Abyss:1  | Noticed a wretched star
   147 | Abyss:1  | Noticed a large abomination
   148 | Abyss:1  | Noticed a quasit
   151 | Abyss:1  | Mangled by a large abomination

Action                   || total
-------------------------++-------
Melee: Hand axe          ||     2
  Use: Scroll            ||     1
Armor: Leather armour    ||     3
Dodge: Dodged            ||     3
